 Dungeon Crawl Stone Soup version 0.29-a0-284-gf9362112df (webtiles) character file.

Game seed: 406803799243796017

4695 stonesoup the Basher (level 10, 0/86 HPs)
             Began as a Minotaur Berserker on Mar 24, 2022.
             Was an Elder of Trog.
             Splashed by a brown ugly thing's acid (11 damage)
             ... on level 8 of the Dungeon.
             The game lasted 00:28:22 (9762 turns).

stonesoup the Basher (Minotaur Berserker)           Turns: 9762, Time: 00:28:23

Health: 0/86       AC: -2    Str: 32    XL:     10   Next: 21%
Magic:  3/3        EV: 15    Int:  4    God:    Trog [****..]
Gold:   527        SH:  0    Dex: 10    Spells: 9/9 levels left

rFire   . . .      SeeInvis .   H - +5 trident (antimagic)
rCold   . . .      Faith    .   (no shield)
rNeg    . . .      Spirit   .   j - +4 ring mail
rPois   .          Reflect  .   (helmet restricted)
rElec   .          Harm     .   q - scarf {shadows}
rCorr   .          Rampage  .   (no gloves)
Will    .....                   (no boots)
Stlth   ..........              (no amulet)
HPRegen 0.00/turn               E - +6 ring of strength
MPRegen 0.08/turn               s - +4 ring of evasion

@: corroded, sick
A: horns 2, retaliatory headbutt
a: Renounce Religion, Berserk, Trog's Hand, Brothers in Arms


You were on level 8 of the Dungeon.
You worshipped Trog.
Trog was greatly pleased with you.
You visited 1 branch of the dungeon, and saw 8 of its levels.

You collected 527 gold pieces.

Inventory:

Hand Weapons
 b - a +2 battleaxe of freezing
 c - a +0 spear of freezing
 h - the +5 whip of the Solstice {vorpal, rElec rPois Will+}
   (You found it on level 2 of the Dungeon)

   It inflicts extra damage upon your enemies.
   rElec:     It insulates you from electricity.
   rPois:     It protects you from poison.
   Will:      It increases your willpower.
 l - a +0 spear of pain
 o - a +5 halberd
 u - a +1 vorpal hand axe
 v - a +2 dagger of venom
 y - a +3 long sword of freezing
 z - the +5 rapier of the Endless Expanse {flame, *Noise rF+ Str+7}
   (You found it on level 6 of the Dungeon)

   It burns those it strikes, dealing additional fire damage.
   Str:       It affects your strength (+7).
   rF:        It protects you from fire.
   *Noise:    It may make noises in combat.
 A - a +4 dagger of draining
 G - a +1 flail of freezing
 H - a +5 antimagic trident (weapon)
 M - a +0 halberd
 N - the +6 spear of Law {vorpal, Int+4 Dex+3}
   (You found it on level 7 of the Dungeon)

   It inflicts extra damage upon your enemies.
   Int:       It affects your intelligence (+4).
   Dex:       It affects your dexterity (+3).
 O - a +2 vorpal halberd
 P - a +2 spear of venom
Missiles
 r - 8 large rocks
 t - 2 throwing nets (quivered)
 w - 22 poisoned darts
Armour
 j - a +4 ring mail (worn)
 p - a +0 buckler
 q - a scarf of shadows (worn)
 K - a +0 plate armour
 Q - a +1 ring mail of cold resistance
Jewellery
 f - a ring of protection from cold
 s - a +4 ring of evasion (right hand)
 E - a +6 ring of strength (left hand)
Wands
 C - a wand of digging (7)
 F - a wand of charming (15)
 L - a wand of flame (18)
Scrolls
 x - a scroll of noise
 J - a scroll of fear
 R - a scroll of magic mapping
 S - a scroll of fog {unknown}
Potions
 a - a potion of invisibility {unknown}
 d - 4 potions of heal wounds
 e - 3 potions of curing
 g - 2 potions of berserk rage {unknown}
 i - a potion of mutation {unknown}
 k - 2 potions of might {unknown}
 m - 4 potions of attraction
 n - 4 potions of lignification
 B - a potion of ambrosia {unknown}
 D - a potion of magic {unknown}
 I - 2 potions of brilliance {unknown}


   Skills:
 + Level 7.2 Fighting
 - Level 10.5 Short Blades
 - Level 11.3 Maces & Flails
 - Level 5.6 Polearms
 - Level 2.5 Armour
 - Level 2.3 Dodging


You had 9 spell levels left.
You didn't know any spells.
Your spell library was empty.

Dungeon Overview and Level Annotations

Branches:
Dungeon (8/15)             Temple (0/1) D:4
   Lair: D:8-11

Altars:
Makhleb
Trog
Beogh
Lugonu


Innate Abilities, Weirdness & Mutations

You have a pair of horns on your head.
You reflexively headbutt those who attack you in melee.


Message History

Sorry, I don't know how to get there.
Found a corrupted altar of Lugonu.
Found 12 gold pieces.
The green ugly thing gurgles horribly!
You hear a horrible gurgling sound!
Found a potion of lignification.
Found a transporter.
There is a stone staircase leading down here.
Found a condenser vane.
The green ugly thing gurgles horribly!
The brown ugly thing gurgles horribly!
There is a transporter here.
You enter the transporter and appear at another place.
You feel yourself growing ill in the presence of the ancient zyme.
Found a ruby potion.
The brown ugly thing attacks as you move away!
The brown ugly thing stings you.
You are splashed with acid.
The small abomination attacks as you move away!
The small abomination misses you.
You feel ill. The brown ugly thing stings you. The acid corrodes you!
You are splashed with acid!
There is a transporter here.
You closely miss the brown ugly thing.
Your headbutt misses the brown ugly thing.
The brown ugly thing stings you! The acid corrodes you!
You are splashed with acid!
You hit the brown ugly thing but do no damage.
You headbutt the brown ugly thing.
The brown ugly thing is lightly wounded.
The brown ugly thing stings you! The acid corrodes you!
You are splashed with acid!
You enter the transporter and appear at another place.
The brown ugly thing stings you!
* * * LOW HITPOINT WARNING * * *
You are splashed with acid.
* * * LOW HITPOINT WARNING * * *
Okay, then.
You feel better. The brown ugly thing stings you!
* * * LOW HITPOINT WARNING * * *
The acid corrodes you!
You are splashed with acid!
You die...

##..# #.......#.#.# #..##.##
....# ###.....####.###..##.#
###.###..##...##©.##........#
#..#...###.####..#.###.####
#.##u...##.##.x#.#.###.#
#.####...###..x###.....#
#.#.###......x###..############
#.#...##....x##u...............
##>....©#.$_.x#@....############
#......##.....##...##
#....###.......###.#
#.#####...###...#### #.# !#..##
##.... #.# }.### ##.=. #.# #..
#.!## #.# ### ### #.# #.#
#############


You could see a brown ugly thing, an ancient zyme and 4 small abominations.

Vanquished Creatures
  A cyclops (D:8)
  Joseph (D:7)
  A hornet (D:8)
  The ghost of Psyclone the Insei, an amateur OpTm (D:4)
  A wraith (D:5)
  A steam dragon (D:8)
  2 water moccasins (D:6)
  Duvessa (D:7)
  2 sky beasts
  2 ice beasts
  2 black bears
  An ogre (D:6)
  A phantom (D:5)
  3 kobold brigands
  2 gnoll sergeants
  2 bullfrogs (D:8)
  3 scorpions
  8 wights (D:7)
  Dowan (D:7)
  A centaur zombie (D:4)
  A gnoll shaman (D:4)
  7 hounds
  3 jellies
  4 orc priests
  2 bullfrog skeletons (D:4)
  5 iguanas
  5 orc wizards
  16 gnolls
  16 adders
  A white imp (D:6)
  An ufetubus (D:6)
  2 dart slugs (D:2)
  18 orcs
  4 bats
  6 endoplasms
  3 giant cockroaches
  2 goblins (D:3)
  4 hobgoblins
  3 jackals (D:5)
  15 kobolds
  3 ball pythons
  4 frilled lizards
  4 rats
166 creatures vanquished.

Vanquished Creatures (collateral kills)
  An orc priest (D:7)
  An orc (D:7)
2 creatures vanquished.

Grand Total: 168 creatures vanquished

Notes
Turn   | Place    | Note
-------+----------+-------------------------------------------
     0 | D:1      | stonesoup the Minotaur Berserker began the quest for the
                  | Orb.
     0 | D:1      | Reached XP level 1. HP: 19/19 MP: 0/0
   303 | D:1      | Reached XP level 2. HP: 27/27 MP: 1/1
   499 | D:1      | Found a faded altar of an unknown god.
  1033 | D:2      | Reached XP level 3. HP: 33/33 MP: 2/2
  1036 | D:2      | Reached skill level 5 in Polearms
  1093 | D:2      | Reached XP level 4. HP: 40/40 MP: 3/3
  1117 | D:2      | Identified the +5 whip of the Solstice {vorpal, rElec rPois
                  | Will+}
  1140 | D:2      | You fall into a shaft and drop 2 floors!
  1156 | D:4      | Reached skill level 1 in Maces & Flails
  1198 | D:4      | Found a staircase to the Ecumenical Temple.
  1359 | D:4      | Reached skill level 2 in Maces & Flails
  1370 | D:4      | Reached skill level 3 in Maces & Flails
  1370 | D:4      | Reached XP level 5. HP: 9/46 MP: 4/4
  1450 | D:4      | Reached skill level 4 in Maces & Flails
  1700 | D:4      | Reached skill level 5 in Maces & Flails
  1705 | D:4      | Reached XP level 6. HP: 37/52 MP: 5/5
  1817 | D:4      | Reached ** piety under Trog
  1857 | D:4      | Found a transporter.
  1862 | D:4      | Noticed Psyclone's ghost (amateur OpTm)
  1864 | D:4      | Found a transporter.
  2091 | D:4      | Reached skill level 6 in Maces & Flails
  2371 | D:4      | Killed Psyclone's ghost
  2372 | D:4      | Reached skill level 7 in Maces & Flails
  2372 | D:4      | Reached XP level 7. HP: 58/58 MP: 6/6
  2374 | D:4      | Reached skill level 8 in Maces & Flails
  4169 | D:5      | Entered Level 5 of the Dungeon
  4202 | D:5      | Reached skill level 9 in Maces & Flails
  4595 | D:5      | Found a bloodstained altar of Trog.
  4851 | D:5      | Reached XP level 8. HP: 66/66 MP: 7/7
  4857 | D:5      | Reached skill level 10 in Maces & Flails
  4967 | D:5      | Reached *** piety under Trog
  5080 | D:5      | Reached skill level 11 in Maces & Flails
  5731 | D:6      | Identified the +5 rapier of the Endless Expanse {flame,
                  | *Noise rF+ Str+7}
  6436 | D:6      | Found a burning altar of Makhleb.
  6572 | D:6      | Reached skill level 5 in Short Blades
  6754 | D:6      | Reached XP level 9. HP: 71/71 MP: 8/8
  7532 | D:7      | Noticed Joseph
  7542 | D:7      | Killed Joseph
  7959 | D:7      | Noticed Duvessa
  7959 | D:7      | Noticed Dowan
  7965 | D:7      | Killed Duvessa
  7970 | D:7      | Killed Dowan
  7973 | D:7      | Reached skill level 10 in Short Blades
  8274 | D:7      | Identified the +6 spear of Law {vorpal, Int+4 Dex+3}
  8755 | D:8      | Reached skill level 5 in Fighting
  8755 | D:8      | Reached XP level 10. HP: 52/81 MP: 9/9
  8769 | D:8      | Reached **** piety under Trog
  9065 | D:8      | Noticed a cyclops
  9075 | D:8      | Killed a cyclops
  9326 | D:8      | Found a transporter.
  9649 | D:8      | Found a corrupted altar of Lugonu.
  9650 | D:8      | Noticed a green ugly thing
  9709 | D:8      | Found a transporter.
  9716 | D:8      | Noticed a brown ugly thing
  9762 | D:8      | Splashed by a brown ugly thing's acid

Illustrated notes

Levels and vault maps discovered:
D:1:      evilmike_arrival_home_sweet_home, layout_rooms,
          ebering_ecumenical_altar_sacrificial, nicolae_figureground_pulse
D:2:      layout_basic
D:3:      layout_loops_ring, minmay_misc_feat_square, serial_bayou_pond_d
D:4:      layout_loops_corners, minmay_temple_entry_hall,
          gammafunk_ghost_mausoleum, kennysheep_orc_chapel
D:5:      layout_basic, mainiacjoe_overflow_small_starburst
D:6:      minmay_razor_zed, layout_basic, lemuel_coloured_pillars_altar,
          serial_park_tiny_2
D:7:      layout_loops_ring, enter_bailey_2, st_stairs_14, uniq_duvessa,
          uniq_joseph
D:8:      gammafunk_corrupted_shrine, layout_loops_ring,
          mainiacjoe_overflow_boulevard, minmay_shop_enchanted_jewellery

Skill      XL: |  1  2  3  4  5  6  7  8  9 10 |
---------------+-------------------------------+-----
Polearms       | 4 5 |  5.6
Maces & Flails | 3 5 7 9 11 | 11.3
Short Blades   | 5 10 | 10.5
Fighting       | 5 7 |  7.2
Armour         | |  2.5
Dodging        | |  2.3

Action                   |  1- 3 |  4- 6 |  7- 9 | 10-12 || total
-------------------------+-------+-------+-------+-------++-------
Melee: Spear             |    64 |     3 |       |    10 ||    77
       Headbutt          |     4 |    10 |    51 |     3 ||    68
       Whip              |       |    55 |   137 |       ||   192
       Punch             |       |     2 |     3 |       ||     5
       Rapier            |       |       |   137 |       ||   137
       Battleaxe         |       |       |       |     8 ||     8
       Trident           |       |       |       |     8 ||     8
       Long sword        |       |       |       |     2 ||     2
Throw: Dart              |       |       |       |     4 ||     4
       Throwing net      |       |       |       |     2 ||     2
Invok: Berserk           |     1 |     3 |     6 |     1 ||    11
Evoke: Wand              |       |       |       |     1 ||     1
  Use: Scroll            |     2 |     2 |    11 |       ||    15
       Potion            |       |       |       |     1 ||     1
Armor: Animal skin       |    11 |       |       |       ||    11
       Ring mail         |     3 |    13 |    75 |    13 ||   104
       Chain mail        |     1 |    12 |       |       ||    13
Dodge: Dodged            |    27 |    22 |   163 |    23 ||   235

Table legend: (Time is in decaauts)
 A = Elapsed time spent in this place.
 B = Non-inter-level travel time spent in this place.
 C = Inter-level travel time spent in this place.
 D = Time resting spent in this place.
 E = Time spent auto-exploring this place.
 F = Levels seen in this place.
 G = Mean time per level.
                   A        B        C        D        E       F      G
               +--------+--------+--------+--------+--------+-----+--------+
         Total |   9791 |   8328 |   1463 |   1243 |   5298 |   8 | 1223.9 |
       Dungeon |   9791 |   8328 |   1463 |   1243 |   5298 |   8 | 1223.9 |
               +--------+--------+--------+--------+--------+-----+--------+

Top non-repeatable levels by time:
     D:6: 1710 daAuts
     D:5: 1487 daAuts
     D:4: 1430 daAuts
     D:8: 1377 daAuts
     D:3: 1124 daAuts
     D:7: 1039 daAuts
     D:1: 952 daAuts
     D:2: 669 daAuts
